 Dungeon Crawl Stone Soup version 0.29.1-15-g9cfb28693d (webtiles) character file.

Game seed: 15423455193823742333

28 hawla the Firebug (level 3, -1/26 HPs)
             Began as a Meteoran Fire Elementalist on May 1, 2023.
             Slain by a gnoll
             ... wielding a +0 flail
              (12 damage)
             ... on level 3 of the Dungeon.
             The game lasted 00:01:58 (434 turns).

hawla the Firebug (Meteoran Fire Elementalist)       Turns: 434, Time: 00:01:58

Health: -1/26      AC:  3    Str:  9    XL:     3   Next: 47%
Magic:  5/8        EV: 13    Int: 18    God:
Gold:   27         SH:  0    Dex: 15    Spells: 4/7 levels left

rFire   . . .      SeeInvis .   (no weapon)
rCold   . . .      Faith    .   (no shield)
rNeg    . . .      Spirit   .   a - +0 robe
rPois   .          Reflect  .   (no helmet)
rElec   .          Harm     .   e - +0 cloak
rCorr   .          Rampage  .   (no gloves)
Will    .....                   (no boots)
Stlth   +.........              (no amulet)
HPRegen 0.08/turn               (no ring)
MPRegen 0.11/turn               (no ring)

@: glowing
A: sense surroundings 1, otherworldly, glowing, explore regen
a: no special abilities


You were on level 3 of the Dungeon.
You visited 1 branch of the dungeon, and saw 3 of its levels.

You collected 27 gold pieces.

Inventory:

Armour
 a - a +0 robe (worn)
 e - a +0 cloak (worn)
Jewellery
 i - a ring of ice
Scrolls
 d - 3 scrolls of teleportation {unknown}
 g - a scroll of magic mapping {unknown}
 j - a scroll of noise {unknown}
Potions
 b - a potion of magic
 c - a potion of attraction {unknown}
 f - a potion of resistance {unknown}
 h - a potion of curing {unknown}


   Skills:
 + Level 2.8 Dodging
 - Level 1.4 Stealth
 + Level 2.9 Spellcasting
 + Level 1.3 Conjurations
 + Level 4.6 Fire Magic


You had 4 spell levels left.
You knew the following spells:

 Your Spells              Type           Power      Damage    Failure   Level
a - Foxfire               Conj/Fire      52%        2x1d6     4%          1
b - Scorch                Fire           38%        2d7       3%          2

Your spell library contained the following spells:

 Spells                   Type           Power      Damage    Failure   Level
 Conjure Flame            Conj/Fire      13%        6-21      14%         3
 Inner Flame              Hex/Fire       11%        N/A       19%         3
 Flame Wave               Conj/Fire      13%        2d6       43%         4


Dungeon Overview and Level Annotations

Branches:
Dungeon (3/15) Zot: 1365

Altars:
Hepliaklqana


Innate Abilities, Weirdness & Mutations

You passively map a small area around you.
You are easily found by Zot.
You glow in the dark.
You regain HP and MP as you explore.


Message History

The orc is almost dead.
The orc hits you with a +0 club.
Casting: Foxfire (safe; 4% risk of failure)
Confirm with . or Enter, or press ? or * to list all spells.
You conjure some foxfire!
The orc hits you with a +0 club.
You closely miss the orc.
The orc is almost dead.
The foxfire hits the orc.
You kill the orc!
Unknown command.
Items here: ))) [ †.
Things that are here:
a +0 hand axe; an orc corpse Your foxfire dissipates!
You now have 27 gold pieces (gained 10).
HP restored.
Found a flail.
Key pressed, stopping explore.
You see here a +0 flail.
You open the door.
Found a stone staircase leading down.
There is an open door here.
You open the door. 2 gnolls come into view.
Found a bone wand.
The gnoll shouts!
You hear a shout!
A gnoll comes into view.
It is wielding a +0 flail of holy wrath.
A gnoll comes into view. It is wielding a +0 flail.
There is an open door here.
The gnoll shouts!
Casting: Foxfire (safe; 4% risk of failure)
Confirm with . or Enter, or press ? or * to list all spells.
Flames lash the gnoll.
The gnoll is heavily wounded.
The gnoll's fire resistance burns away.
The gnoll hits you with a +0 flail! The gnoll hits you with a +0 club.
The gnoll closely misses you.
Casting: Scorch (safe; 3% risk of failure)
Confirm with . or Enter, or press ? or * to list all spells.
You conjure some foxfire!
The gnoll hits you with a +0 flail!
You die...

~ * * ,
####* ,~
#..?. , ,
#....####+#*
* * *
#.......#.
#........ **
#.....g.###
#.....g@v.#
,
#../..gv#.#
#.....g.#.#
* *
#.......#.#
#.......#.#
#########.#
* * * #.#
#.# #.#


You could see 4 gnolls.

Vanquished Creatures
  An adder (D:3)
  4 orcs (D:3)
  An endoplasm (D:1)
  A hobgoblin (D:1)
  2 quokkas (D:3)
  2 ball pythons
  3 bats (D:1)
  2 rats (D:3)
16 creatures vanquished.

Vanquished Creatures (collateral kills)
  2 foxfires (D:3)
2 creatures vanquished.

Vanquished Creatures (others)
  32 foxfires
  3 plants (D:3)
35 creatures vanquished.

Grand Total: 53 creatures vanquished

Notes
Turn   | Place    | Note
-------+----------+-------------------------------------------
     0 | D:1      | hawla the Meteoran Fire Elementalist began the quest for
                  | the Orb.
     0 | D:1      | Reached XP level 1. HP: 14/14 MP: 5/5
    89 | D:1      | Reached skill level 4 in Fire Magic
    89 | D:1      | Reached XP level 2. HP: 13/20 MP: 4/6
   103 | D:1      | Learned a level 2 spell: Scorch
   190 | D:3      | Reached XP level 3. HP: 26/26 MP: 5/8
   192 | D:3      | Found a hazy altar of Hepliaklqana.
   434 | D:3      | Slain by a gnoll

Illustrated notes

Levels and vault maps discovered:
D:1:      dpeg_arrival_boxorama, layout_basic, serial_shops,
          nicolae_shop_window_shopping, nicolae_diamond_shop, shop, shop, shop
D:2:      layout_basic, hellmonk_ecumenical_altar_run_dry, basic_altar
D:3:      layout_basic, elyvilon_altar_4, nicolae_hepliaklqana_hazy_memory,
          kennysheep_generic_room_10

Skill      XL: |  1 |
---------------+----+-----
Fire Magic     | 4 |  4.6
Dodging        | |  2.8
Stealth        | |  1.4
Spellcasting   | |  2.9
Conjurations   | |  1.3

Action                   || total
-------------------------++-------
Melee: Unarmed           ||     8
 Cast: Foxfire           ||    22
       Scorch            ||     6
Armor: Robe              ||     1
Dodge: Dodged            ||    18
